 Dungeon Crawl Stone Soup version 0.28-a0-475-g7dc2aef8ca (webtiles) character file.

Game seed: 16483608273664175581

33 Dabor the Skirmisher (level 3, 0/30 HPs)
             Began as a Formicid Abyssal Knight on Sept 16, 2021.
             Was a Follower of Lugonu.
             Slain by an orc (2 damage)
             ... on level 2 of the Dungeon.
             The game lasted 00:01:37 (1601 turns).

Dabor the Skirmisher (Formicid Abyssal Knight)      Turns: 1601, Time: 00:01:38

Health: 0/30       AC:  4    Str: 17    XL:     3   Next: 47%
Magic:  5/5        EV: 10    Int: 11    God:    Lugonu [*.....]
Gold:   65         SH:  5    Dex: 10    Spells: 2/2 levels left

rFire   . . .      SeeInvis +   a - +1 spear
rCold   + . .      Faith    .   h - +2 buckler
rNeg    . . .      Spirit   .   f - +0 leather armour {rC+}
rPois   .          Reflect  .   (helmet unavailable)
rElec   .          Harm     .   g - +0 cloak
rCorr   .          Rampage  .   (no gloves)
Will    .....                   (no boots)
Stlth   +.........              (no amulet)
HPRegen 0.10/turn               (no ring)
MPRegen 0.09/turn               (no ring)

@: no status effects
A: permanent stasis, dig shafts and tunnels, antennae 3, four strong arms
a: Dig, Shaft Self, Renounce Religion, Depart the Abyss


You were on level 2 of the Dungeon.
You worshipped Lugonu.
Lugonu was aware of your devotion.
You visited 1 branch of the dungeon, and saw 2 of its levels.
You visited the Abyss 1 time.

You collected 65 gold pieces.

Inventory:

Hand Weapons
 a - a +1 spear (weapon)
Armour
 b - a +0 leather armour
 f - a +0 leather armour of cold resistance (worn)
 g - a +0 cloak (worn)
 h - a +2 buckler (worn)
Scrolls
 c - a scroll of blinking {unknown}
 i - a scroll of amnesia {unknown}
Potions
 d - a potion of might {unknown}
 e - a potion of attraction {unknown}


   Skills:
 + Level 3.6 Fighting
 + Level 2.3 Polearms
 + Level 2.6 Armour
 + Level 1.3 Dodging
 + Level 0.1 Shields
 + Level 2.7 Invocations


You had 2 spell levels left.
You didn't know any spells.
Your spell library was empty.

Dungeon Overview and Level Annotations

Branches:
Dungeon (2/15)

Altars:


Innate Abilities, Weirdness & Mutations

You cannot be hasted, slowed, berserked, paralysed or teleported.
You can dig through walls and to a lower floor.
You have a pair of large antennae on your head. (SInv)
Your four strong arms can wield two-handed weapons with a shield.


Message History

The orc is lightly wounded.
The orc hits you with a +0 whip. The orc hits you but does no damage.
The orc hits you with a +0 whip.
There are monsters nearby!
You hit the orc but do no damage.
The orc is lightly wounded.
The orc priest invokes the aid of Beogh against you.
Pain shoots through your body! You block the orc's attack.
You barely miss the orc.
The orc is lightly wounded.
The orc completely misses you. The orc closely misses you.
You barely miss the orc.
The orc is lightly wounded.
The orc completely misses you. The orc closely misses you.
The orc barely misses you.
You hit the orc but do no damage.
The orc is lightly wounded.
The orc hits you with a +0 hand axe. The orc barely misses you.
The orc priest calls upon Beogh to heal the orc.
The orc's wounds heal themselves!
You block the orc's attack. The orc hits you with a +0 hand axe.
The orc priest looks satisfied for a moment.
You are too injured to fight recklessly!
You are too injured to fight recklessly!
You are too injured to fight recklessly!
You are too injured to fight recklessly!
You are too injured to fight recklessly!
You hit the orc.
The orc is moderately wounded.
You block the orc's attack.
You hit the orc.
The orc is heavily wounded.
The orc priest calls down the wrath of Beogh upon you.
Beogh smites you!
* * * LOW HITPOINT WARNING * * *
The orc hits you but does no damage.
You hit the orc.
The orc is almost dead.
The orc hits you with a +0 club.
You die...

.≈...≈.#..#
.......#..#
......)...#######
#.........#.....
#.####..o...#
#.....o?..#
#.##.#o#### .. #.#o# #
..#@# ####.# #.#
####### #.# #.....#
#.# ##.###.## #.#
#.......#
######.####..###..#
###.............##..#
#.....##.####>..##..##


You could see an orc priest and 3 orcs.

Vanquished Creatures
  A dart slug (D:1)
  An orc (D:2)
  2 bats
  4 endoplasms
  2 giant cockroaches
  6 goblins
  A hobgoblin (D:1)
  2 kobolds (D:1)
  3 ball pythons
  3 frilled lizards
  3 rats
28 creatures vanquished.

Notes
Turn   | Place    | Note
-------+----------+-------------------------------------------
     0 | Abyss:1  | Dabor the Formicid Abyssal Knight began the quest for the
                  | Orb.
     0 | Abyss:1  | Reached XP level 1. HP: 18/18 MP: 2/2
    38 | Abyss:1  | Noticed a tormentor
    38 | Abyss:1  | Noticed a neqoxec
    38 | Abyss:1  | Noticed a shadow wraith
    39 | Abyss:1  | Noticed a tentacled starspawn
    40 | D:1      | Escaped the Abyss
   198 | D:1      | Reached skill level 1 in Dodging
   290 | D:1      | Reached XP level 2. HP: 20/24 MP: 3/3
   473 | D:1      | Reached * piety under Lugonu
  1120 | D:2      | Reached XP level 3. HP: 27/29 MP: 4/4
  1601 | D:2      | Slain by an orc

Illustrated notes

Levels and vault maps discovered:
D:1:      dpeg_arrival_fog, layout_basic
D:2:      cheibrodos_pilgrimage, layout_loops_corners, basic_altar,
          bh_walls_and_bars

Skill      XL: |  1 |
---------------+----+-----
Dodging        | 1 |  1.3
Fighting       | |  3.6
Polearms       | |  2.3
Armour         | |  2.6
Shields        | |  0.1
Invocations    | |  2.7

Action                   || total
-------------------------++-------
Melee: Spear             ||   110
Invok: Depart the Abyss  ||     1
Armor: Leather armour    ||    20
Dodge: Dodged            ||    46
Block: Buckler           ||    11

Table legend: (Time is in decaauts)
 A = Elapsed time spent in this place.
 B = Non-inter-level travel time spent in this place.
 C = Inter-level travel time spent in this place.
 D = Time resting spent in this place.
 E = Time spent auto-exploring this place.
 F = Levels seen in this place.
 G = Mean time per level.
                   A        B        C        D        E       F      G
               +--------+--------+--------+--------+--------+-----+--------+
         Total |   1603 |   1571 |     32 |      0 |   1319 |   3 |  534.3 |
       Dungeon |   1563 |   1531 |     32 |      0 |   1295 |   2 |  781.5 |
         Abyss |     40 |     40 |      0 |      0 |     24 |   1 |   40.0 |
               +--------+--------+--------+--------+--------+-----+--------+

Top non-repeatable levels by time:
     D:1: 1074 daAuts
     D:2: 488 daAuts
 Abyss:1: 40 daAuts
